NYP
BROOKLYN CYCLONES @ TRI-CITY DUST DEVILS
09/05/2045
 
TOP OF THE 1ST
Brooklyn Cyclones batting - Pitching for Tri-City Dust Devils : RHP Karl Matheson
Pitching: RHP Karl Matheson
Batting: LHB Tom Prayer 0-0: Foul Ball, location: 2F
0-1: Reached on error, E5 (Groundball, 56S, EV 64.4 MPH)
Batting: RHB Victor Roca 0-0: Swinging Strike
0-1: Ball
1-1: Called Strike
1-2: Ball
2-2: Strikes out swinging
Batting: RHB Jose Lara 0-0: Called Strike
Pickoff Throw by Catcher to First - Out!
0-1: Ground out U3 (Groundball, 3, EV 81.9 MPH)
Top of the 1st over - 0 runs, 0 hits, 1 error, 0 left on base; Brooklyn 0 - Tri-City 0
BOTTOM OF THE 1ST
Tri-City Dust Devils batting - Pitching for Brooklyn Cyclones : RHP Robbie Beerbower
Pitching: RHP Robbie Beerbower
Batting: LHB Ramon Vega 0-0: Ball
1-0: Called Strike
1-1: Ball
2-1: Foul Ball, location: 2F
2-2: Ball
3-2: Foul Ball, location: 2F
3-2: SINGLE (Groundball, 56D, EV 86.2 MPH) (infield hit)
Batting: RHB Jaden Scott 0-0: Ball
1-0: Called Strike
1-1: Ball
2-1: Fly out, F9 (Flyball, 9S, EV 78.1 MPH)
Batting: LHB Sammy Roddenberry 0-0: Called Strike
0-1: Ball
1-1: Ball
2-1: Ball
3-1: Swinging Strike
3-2: Foul Ball, location: 2F
3-2: SINGLE (Line Drive, 56D, EV 96.2 MPH)
Ramon Vega to second
Ramon Vega to third
Batting: RHB Nate Burkhalter 0-0: Called Strike
Sammy Roddenberry steals 2nd base
0-1: Ball
1-1: Ball
2-1: SINGLE (Flyball, 8LS, EV 97.5 MPH)
Ramon Vega scores
Sammy Roddenberry to third
Runner from 3rd tries for Home, SAFE, throw by CF to home
Nate Burkhalter to second
Batting: LHB Mike Schermerhorn 0-0: Called Strike
0-1: SINGLE (Groundball, 13S, EV 68.1 MPH) (infield hit)
Nate Burkhalter to third
Batting: RHB Kalidas Mishra 0-0: Called Strike
0-1: Called Strike
0-2: DOUBLE (Line Drive, 8LD, EV 100.6 MPH)
Nate Burkhalter scores
Mike Schermerhorn to third
Batting: SHB Alex Orozco 0-0: Called Strike
0-1: Ball
1-1: Called Strike
1-2: Ball
2-2: Ball
3-2: Foul Ball, location: 2F
3-2: Ground out U3 (Groundball, 3, EV 80.6 MPH)
Batting: LHB Roger Duque 0-0: Called Strike
0-1: Swinging Strike
0-2: Ball
1-2: Ball
2-2: Foul Ball, location: 2F
2-2: Foul Ball, location: 2F
2-2: Ball
3-2: Base on Balls
Batting: RHB Rich Justice 0-0: Ball
1-0: Ball
2-0: Called Strike
2-1: Fielders Choice at 2nd, 6-4 (Groundball, 6, EV 86.2 MPH)
Bottom of the 1st over - 3 runs, 5 hits, 0 errors, 3 left on base; Brooklyn 0 - Tri-City 3
TOP OF THE 2ND
Brooklyn Cyclones batting - Pitching for Tri-City Dust Devils : RHP Karl Matheson
Batting: RHB Danny Runberg 0-0: Called Strike
0-1: Fly out, F7 (Flyball, 7S, EV 82.5 MPH)
Batting: RHB David Kunze 0-0: Fly out, F8 (Flyball, 8LS, EV 84.4 MPH)
Batting: RHB Matt Skipper 0-0: Ground out 4-3 (Groundball, 4, EV 109.4 MPH)
Top of the 2nd over - 0 runs, 0 hits, 0 errors, 0 left on base; Brooklyn 0 - Tri-City 3
BOTTOM OF THE 2ND
Tri-City Dust Devils batting - Pitching for Brooklyn Cyclones : RHP Robbie Beerbower
Batting: LHB Ramon Vega 0-0: Foul Ball, location: 2F
0-1: Foul Ball, location: 2F
0-2: Ball
1-2: Ball
2-2: Strikes out swinging
Pitching: RHP Danny Helm
Batting: RHB Jaden Scott 0-0: Called Strike
0-1: Ball
1-1: Ball
2-1: Ball
3-1: Swinging Strike
3-2: Strikes out swinging
Batting: LHB Sammy Roddenberry 0-0: Ball
1-0: Called Strike
1-1: DOUBLE (Line Drive, 7LS, EV 95.0 MPH)
Batting: RHB Nate Burkhalter 0-0: Called Strike
0-1: Ball
1-1: Ground out 6-3 (Groundball, 6, EV 85.0 MPH)
Bottom of the 2nd over - 0 runs, 1 hit, 0 errors, 1 left on base; Brooklyn 0 - Tri-City 3
TOP OF THE 3RD
Brooklyn Cyclones batting - Pitching for Tri-City Dust Devils : RHP Karl Matheson
Batting: RHB Coltin Nellis 0-0: Ground out 4-3 (Groundball, 4, EV 81.2 MPH)
Batting: RHB Chris Artz 0-0: Called Strike
0-1: Called Strike
0-2: Ball
1-2: Foul Ball, location: 2F
1-2: Ball
2-2: Reached on error, E5 (Groundball, 5, EV 85.0 MPH)
Batting: RHB Mike Hanks 0-0: Ball
1-0: Called Strike
1-1: Foul Ball, location: 2F
1-2: Ball
2-2: Foul Ball, location: 2F
2-2: Fly out, F6 (Line Drive, 6, EV 74.4 MPH)
Batting: LHB Tom Prayer 0-0: Foul Ball, location: 2F
0-1: Called Strike
0-2: Ball
1-2: Ball
2-2: Foul Ball, location: 2F
2-2: Ground out 4-3 (Groundball, 34D, EV 102.5 MPH)
Top of the 3rd over - 0 runs, 0 hits, 1 error, 1 left on base; Brooklyn 0 - Tri-City 3
BOTTOM OF THE 3RD
Tri-City Dust Devils batting - Pitching for Brooklyn Cyclones : RHP Danny Helm
Batting: LHB Mike Schermerhorn 0-0: Called Strike
0-1: Ball
1-1: Called Strike
1-2: Ball
2-2: Strikes out swinging
Batting: RHB Kalidas Mishra 0-0: Ball
1-0: Ball
2-0: Called Strike
2-1: Swinging Strike
2-2: Strikes out swinging
Batting: SHB Alex Orozco 0-0: Ball
1-0: Swinging Strike
1-1: Ball
2-1: Ball
3-1: Base on Balls
Batting: LHB Roger Duque 0-0: Ball
1-0: Ball
Alex Orozco steals 2nd base
2-0: Called Strike
2-1: Swinging Strike
2-2: DOUBLE (Groundball, 3L, EV 103.1 MPH)
Alex Orozco scores
Batting: RHB Rich Justice 0-0: Foul Ball, location: 2F
0-1: Ball
1-1: Ground out 1-3 (Groundball, 13, EV 67.5 MPH)
Bottom of the 3rd over - 1 run, 1 hit, 0 errors, 1 left on base; Brooklyn 0 - Tri-City 4
TOP OF THE 4TH
Brooklyn Cyclones batting - Pitching for Tri-City Dust Devils : RHP Karl Matheson
Batting: RHB Victor Roca 0-0: Called Strike
0-1: Ground out 5-3 (Groundball, 56S, EV 93.8 MPH)
Batting: RHB Jose Lara 0-0: Called Strike
0-1: Ground out 3-1 (Groundball, 34, EV 91.9 MPH)
Batting: RHB Danny Runberg 0-0: Ground out 4-3 (Groundball, 4, EV 84.4 MPH)
Top of the 4th over - 0 runs, 0 hits, 0 errors, 0 left on base; Brooklyn 0 - Tri-City 4
BOTTOM OF THE 4TH
Tri-City Dust Devils batting - Pitching for Brooklyn Cyclones : RHP Danny Helm
Batting: LHB Ramon Vega 0-0: Ball
1-0: Foul Ball, location: 2F
1-1: Swinging Strike
1-2: Ball
2-2: Fly out, F7 (Flyball, 78D, EV 96.9 MPH)
Batting: RHB Jaden Scott 0-0: Ground out 5-3 (Groundball, 5L, EV 90.0 MPH)
Batting: LHB Sammy Roddenberry 0-0: Called Strike
0-1: Called Strike
0-2: Foul Ball, location: 2F
0-2: Foul Ball, location: 2F
0-2: SOLO HOME RUN (Flyball, 9D, EV 96.2 MPH), Distance : 359 ft
Pitching: RHP Joey Keim
Batting: RHB Nate Burkhalter 0-0: Ball
1-0: Fly out, F8 (Flyball, 8RD, EV 93.8 MPH)
Bottom of the 4th over - 1 run, 1 hit, 0 errors, 0 left on base; Brooklyn 0 - Tri-City 5
TOP OF THE 5TH
Brooklyn Cyclones batting - Pitching for Tri-City Dust Devils : RHP Karl Matheson
Batting: RHB David Kunze 0-0: Ball
1-0: Foul Ball, location: 2F
1-1: Ball
2-1: Called Strike
2-2: Strikes out looking
Batting: RHB Matt Skipper 0-0: Ball
1-0: Called Strike
1-1: Ball
2-1: Foul Ball, location: 2F
2-2: Ball
3-2: Strikes out swinging
Batting: RHB Coltin Nellis 0-0: Called Strike
0-1: Swinging Strike
0-2: Ground out 6-3 (Groundball, 6, EV 103.1 MPH)
Top of the 5th over - 0 runs, 0 hits, 0 errors, 0 left on base; Brooklyn 0 - Tri-City 5
BOTTOM OF THE 5TH
Tri-City Dust Devils batting - Pitching for Brooklyn Cyclones : RHP Joey Keim
Batting: LHB Mike Schermerhorn 0-0: Foul Ball, location: 2F
0-1: Called Strike
0-2: Ball
1-2: Ball
2-2: Fly out, F4 (Popup, 4MD, EV 53.1 MPH)
Batting: RHB Kalidas Mishra 0-0: Called Strike
0-1: Swinging Strike
0-2: Strikes out swinging
Batting: SHB Alex Orozco 0-0: Ball
1-0: Foul Ball, location: 2F
1-1: Hit by Pitch
Batting: LHB Roger Duque 0-0: Ball
Wild Pitch!
Alex Orozco to second
1-0: Called Strike
1-1: Ball
2-1: Swinging Strike
2-2: Ball
3-2: Strikes out swinging
Bottom of the 5th over - 0 runs, 0 hits, 0 errors, 1 left on base; Brooklyn 0 - Tri-City 5
TOP OF THE 6TH
Brooklyn Cyclones batting - Pitching for Tri-City Dust Devils : RHP Karl Matheson
Batting: RHB Chris Artz 0-0: Ball
1-0: Foul Ball, location: 2F
1-1: Foul Ball, location: 2F
1-2: Ball
2-2: Strikes out swinging
Batting: RHB Mike Hanks 0-0: DOUBLE (Flyball, 8LD, EV 99.4 MPH)
Batting: LHB Tom Prayer 0-0: Called Strike
0-1: Ball
1-1: Called Strike
1-2: Ball
2-2: Ball
3-2: Foul Ball, location: 2F
3-2: Base on Balls
Batting: RHB Victor Roca 0-0: Called Strike
0-1: Ball
1-1: Called Strike
1-2: Foul Ball, location: 2F
1-2: Foul Ball, location: 2F
1-2: Strikes out swinging
Batting: RHB Jose Lara 0-0: Called Strike
0-1: Called Strike
0-2: Ball
1-2: Strikes out swinging
Top of the 6th over - 0 runs, 1 hit, 0 errors, 2 left on base; Brooklyn 0 - Tri-City 5
BOTTOM OF THE 6TH
Tri-City Dust Devils batting - Pitching for Brooklyn Cyclones : RHP Joey Keim
Batting: RHB Rich Justice 0-0: Called Strike
0-1: Ball
1-1: Ground out 5-3 (Groundball, 56S, EV 81.9 MPH)
Batting: LHB Ramon Vega 0-0: Called Strike
0-1: Foul Ball, location: 2F
0-2: Ball
1-2: Strikes out swinging
Batting: RHB Jaden Scott 0-0: Called Strike
0-1: Ball
1-1: Ball
2-1: Ball
3-1: Base on Balls
Batting: LHB Sammy Roddenberry 0-0: Called Strike
Jaden Scott steals 2nd base (no throw)
0-1: Fly out, F8 (Line Drive, 8LD, EV 97.5 MPH)
Bottom of the 6th over - 0 runs, 0 hits, 0 errors, 1 left on base; Brooklyn 0 - Tri-City 5
TOP OF THE 7TH
Brooklyn Cyclones batting - Pitching for Tri-City Dust Devils : RHP Karl Matheson
Batting: RHB Danny Runberg 0-0: Ball
1-0: Ball
2-0: Foul Ball, location: 2F
2-1: Foul Ball, location: 2F
2-2: Ball
3-2: Strikes out swinging
Batting: RHB David Kunze 0-0: Called Strike
0-1: Foul Ball, location: 2F
0-2: Ball
1-2: Foul Ball, location: 2F
1-2: Foul Ball, location: 2F
1-2: Ground out 4-3 (Groundball, 4, EV 86.9 MPH)
Batting: RHB Matt Skipper 0-0: Foul Ball, location: 2F
0-1: Ground out 4-3 (Groundball, 4, EV 96.2 MPH)
Top of the 7th over - 0 runs, 0 hits, 0 errors, 0 left on base; Brooklyn 0 - Tri-City 5
BOTTOM OF THE 7TH
Tri-City Dust Devils batting - Pitching for Brooklyn Cyclones : RHP Joey Keim
Batting: RHB Nate Burkhalter 0-0: Called Strike
0-1: Ball
1-1: Ball
2-1: Ball
3-1: Base on Balls
Batting: LHB Mike Schermerhorn 0-0: Ball
1-0: Foul Ball, location: 2F
1-1: Ball
Nate Burkhalter steals 2nd base
2-1: SINGLE (Groundball, 6D, EV 106.2 MPH)
Nate Burkhalter to third
Batting: RHB Kalidas Mishra 0-0: Called Strike
0-1: SINGLE (Line Drive, 89S, EV 107.5 MPH)
Nate Burkhalter scores
Mike Schermerhorn to second
Batting: SHB Alex Orozco 0-0: Called Strike
0-1: Swinging Strike
0-2: Ball
1-2: Strikes out swinging
Pitching: LHP Edwin Guzman
Batting: LHB Roger Duque 0-0: Called Strike
0-1: Called Strike
0-2: Ball
1-2: DOUBLE (Line Drive, 8LXD, EV 105.0 MPH)
Mike Schermerhorn scores
Kalidas Mishra to third
Batting: RHB Rich Justice 0-0: Swinging Strike
0-1: Ball
1-1: Called Strike
1-2: Fly out, F7 (Line Drive, 7D, EV 86.9 MPH)
Runner from 3rd tags up, SCORES, no throw by LF
Batting: LHB Ramon Vega 0-0: Called Strike
0-1: Ball
1-1: Ball
2-1: Swinging Strike
2-2: Ball
3-2: Strikes out swinging
Bottom of the 7th over - 3 runs, 3 hits, 0 errors, 1 left on base; Brooklyn 0 - Tri-City 8
TOP OF THE 8TH
Brooklyn Cyclones batting - Pitching for Tri-City Dust Devils : RHP Karl Matheson
Batting: RHB Coltin Nellis 0-0: Foul Ball, location: 2F
0-1: Ball
1-1: Ball
2-1: Foul Ball, location: 2F
2-2: Ball
3-2: Base on Balls
Batting: RHB Chris Artz 0-0: Fly out, F2 (Popup, 2RF, EV 87.5 MPH)
Batting: RHB Mike Hanks 0-0: Ball
1-0: Fielders Choice at 2nd, 3-6 (Groundball, 34, EV 90.0 MPH)
Batting: LHB Tom Prayer 0-0: Ball
1-0: TRIPLE (Line Drive, 89XD, EV 101.2 MPH)
Mike Hanks scores
Batting: RHB Victor Roca 0-0: Fly out, F6 (Popup, 6D, EV 58.8 MPH)
Top of the 8th over - 1 run, 1 hit, 0 errors, 1 left on base; Brooklyn 1 - Tri-City 8
BOTTOM OF THE 8TH
Tri-City Dust Devils batting - Pitching for Brooklyn Cyclones : LHP Edwin Guzman
Batting: RHB Jaden Scott 0-0: Swinging Strike
0-1: Ball
1-1: Ball
2-1: Foul Ball, location: 2F
2-2: Ball
3-2: Fly out, F8 (Line Drive, 8LD, EV 85.6 MPH)
Pinch Hitting: SHB Yutaro Takahashi 0-0: Called Strike
0-1: Ball
1-1: Foul Ball, location: 2F
1-2: Foul Ball, location: 2F
1-2: Foul Ball, location: 2F
1-2: Ground out 2-3 (Groundball, 2L, EV 66.2 MPH)
Pitching: RHP Amare Golden
Batting: RHB Nate Burkhalter 0-0: Swinging Strike
0-1: Ball
1-1: Ball
2-1: Ball
3-1: Called Strike
3-2: SINGLE (Groundball, 6MD, EV 95.0 MPH)
Batting: LHB Mike Schermerhorn 0-0: Fly out, F8 (Flyball, 8LD, EV 110.0 MPH)
Bottom of the 8th over - 0 runs, 1 hit, 0 errors, 1 left on base; Brooklyn 1 - Tri-City 8
TOP OF THE 9TH
Brooklyn Cyclones batting - Pitching for Tri-City Dust Devils : RHP Karl Matheson
Now in LF: Yutaro Takahashi
Now in CF: Ramon Vega
Pinch Hitting: RHB Craig Gangemi 0-0: Called Strike
0-1: Ball
1-1: Called Strike
1-2: Strikes out swinging
Batting: RHB Danny Runberg 0-0: Swinging Strike
0-1: Ball
1-1: SINGLE (Groundball, 6D, EV 102.5 MPH)
Batting: RHB David Kunze 0-0: Ball
1-0: Foul Ball, location: 2F
1-1: Called Strike
1-2: Foul Ball, location: 2F
1-2: Strikes out swinging
Pitching: RHP Ed Chamberlain
Batting: RHB Matt Skipper 0-0: Ball
1-0: Swinging Strike
1-1: Fly out, F3 (Line Drive, 3, EV 61.2 MPH)
Top of the 9th over - 0 runs, 1 hit, 0 errors, 1 left on base; Brooklyn 1 - Tri-City 8
Wednesday, June 22nd , 2022 - OOTP Baseball 23.4 Build 64